 Dungeon Crawl Stone Soup version 0.27.1-35-g4d5d836560 (console) character file.

Game seed: 5722460597865924903

41 grimtooth the Skirmisher (level 3, 0/32 HPs)
             Began as a Palentonga Abyssal Knight on June 5, 2022.
             Was a Follower of Lugonu.
             Slain by a gnoll (5 damage)
             ... on level 2 of the Dungeon.
             The game lasted 00:04:15 (1197 turns).

grimtooth the Skirmisher (PaAK)                     Turns: 1197, Time: 00:04:16

Health: 0/32       AC:  5    Str: 16    XL:     3   Next: 32%
Magic:  4/4        EV:  8    Int: 12    God:    Lugonu [*.....]
Gold:   30         SH:  0    Dex:  9    Spells: 2/2 levels left

rFire    . . .     SeeInvis +   a - +1 mace
rCold    . . .     Faith    .   (no shield)
rNeg     . . .     Spirit   .   m - +0 ring mail
rPois    .         Reflect  .   (no helmet)
rElec    .         Harm     .   (no cloak)
rCorr    .         Rampage  .   (no gloves)
Will     .....                  (no barding)
Stlth    ..........             (no amulet)
HPRegen  0.10/turn              (no ring)
MPRegen  0.09/turn              (no ring)

@: no status effects
A: large, rugged brown scales 3, see invisible, deformed body, roll 1, armoured
tail
a: Rolling Charge, Renounce Religion, Depart the Abyss


You were on level 2 of the Dungeon.
You worshipped Lugonu.
Lugonu was aware of your devotion.
You visited 1 branch of the dungeon, and saw 2 of its levels.
You visited the Abyss 1 time.

You collected 30 gold pieces.

Inventory:

Hand Weapons
 a - a +1 mace (weapon)
 b - a +2 dagger of protection
Missiles
 c - 6 javelins
Armour
 e - a +0 leather armour
 m - a +0 ring mail (worn)
Scrolls
 f - a scroll of teleportation {unknown}
 h - a scroll of enchant armour {unknown}
 l - a scroll of acquirement {unknown}
Potions
 d - 2 potions of degeneration {unknown}
 g - a potion of brilliance {unknown}
 i - a potion of lignification {unknown}
 j - 2 potions of curing {unknown}
 k - a potion of heal wounds {unknown}


   Skills:
 + Level 3.8 Fighting
 + Level 3.0 Maces & Flails
 - Level 1.5 Armour
 - Level 0.7 Dodging
 - Level 2.0 Invocations


You had 2 spell levels left.
You didn't know any spells.
Your spell library contained the following spells:

 Spells                   Type           Power      Damage    Failure   Level
 Beastly Appendage        Tmut           0%         N/A       52%         1
 Wereblood                Tmut           0%         N/A       67%         2
 Spider Form              Tmut/Pois      0%         N/A       88%         3


Dungeon Overview and Level Annotations

Branches:
Dungeon (2/15)

Altars:

Shops:
D:2 ?


Innate Abilities, Weirdness & Mutations

You are completely covered in rugged brown scales. (AC +3, +7% HP)
You have supernaturally acute eyesight. (SInv)
Armour fits poorly on your strangely shaped body.
You can roll at nearby foes to attack.
You have a long armoured tail.


Message History

A gnoll comes into view. It is wielding a +0 spear.
The gnoll throws a throwing net.
The throwing net hits you.
You become entangled in the net!
You see here a throwing net {=f}.
You struggle against the net.
You struggle against the net.
You struggle against the net.
You rip the net and break free!
The ball python bites you but does no damage.
You closely miss the ball python. The ball python misses you.
The ball python bites you.
You hit the ball python.
The ball python is moderately wounded.
The ball python closely misses you.
You closely miss the ball python.
You tail-slap the ball python, but do no damage.
The ball python is moderately wounded.
The ball python barely misses you.
The ball python bites you but does no damage.
You closely miss the ball python.
The ball python is moderately wounded.
The ball python barely misses you.
The gnoll hits you from afar with a +0 spear.
You hit the ball python.
You kill the ball python!
Lugonu accepts your kill.
The gnoll hits you from afar with a +0 spear.
Roll where?
Press: ? - help, Dir - move target, f - gnoll
Aim: a gnoll, wielding a +0 spear You roll forward with a clatter of scales!
You barely miss the gnoll. The gnoll hits you with a +0 spear.
* * * LOW HITPOINT WARNING * * *
You closely miss the gnoll. The gnoll hits you with a +0 spear.
* * * LOW HITPOINT WARNING * * *
The gnoll hits you with a +0 spear.
* * * LOW HITPOINT WARNING * * *
Okay, then.
The gnoll hits you from afar with a +0 spear.
You die...

#..###........#
#..#.†........#
#....#....>...#
#####.<.##........#
#......###........#
...##.#†#
#.....|..# .
#†#.############
####.#........#
#.............#
.....##..<.....#
.##.# ##@#..####
... #†#.## ..##
#g#.# # #...# #..##
#..# #..# #..# #..#
#........)
...........


You could see a gnoll.

Vanquished Creatures
  An adder (D:2)
  5 ball pythons
  2 endoplasms (D:1)
  2 giant cockroaches (D:1)
  A goblin (D:1)
  6 hobgoblins
  2 jackals (D:1)
  3 bats (D:1)
  2 frilled lizards
  A kobold (D:1)
  5 rats
30 creatures vanquished.

Vanquished Creatures (others)
  13 fungi (D:1)
13 creatures vanquished.

Grand Total: 43 creatures vanquished

Notes
Turn   | Place    | Note
-------+----------+-------------------------------------------
     0 | Abyss:1  | grimtooth the Palentonga Abyssal Knight began the quest for
                  | the Orb.
     0 | Abyss:1  | Reached XP level 1. HP: 19/19 MP: 2/2
   122 | Abyss:1  | Noticed a raiju
   123 | D:1      | Escaped the Abyss
   359 | D:1      | Reached * piety under Lugonu
   360 | D:1      | Reached XP level 2. HP: 25/25 MP: 3/3
  1033 | D:2      | Reached XP level 3. HP: 31/31 MP: 4/4
  1033 | D:2      | Found Taup's Magic Scroll Shoppe.
  1197 | D:2      | Slain by a gnoll

Illustrated notes

Levels and vault maps discovered:
D:1:      scummos_arrival_checkerplants, layout_basic, minmay_stone_trees_small,
          minmay_cupped
D:2:      layout_rooms, serial_shops, shop, uniq_natasha

Skill      XL: |  1  2  3 |
---------------+----------+-----
Maces & Flails | 3 |  3.0
Fighting       | |  3.8
Armour         | |  1.5
Dodging        | |  0.7
Invocations    | |  2.0

Action                   || total
-------------------------++-------
Melee: Mace              ||    81
       Tailslap          ||     9
Invok: Depart the Abyss  ||     1
 Abil: Rolling Charge    ||    18
Armor: Leather armour    ||    24
       Ring mail         ||    12
Dodge: Dodged            ||    48
